 Dungeon Crawl Stone Soup version 0.30-a0-371-gad7725a93e (webtiles) character file.

Game seed: 981461557526951742

518 FalseProphet the Digger (level 7, 0/40 HPs)
             Began as a Gargoyle Earth Elementalist on Nov 22, 2022.
             Was a Follower of Cheibriados.
             Slain by a gnoll
             ... wielding a +0 flail
              (2 damage)
             ... on level 4 of the Dungeon.
             The game lasted 00:09:27 (3550 turns).

FalseProphet the Digger (GrEE)                      Turns: 3550, Time: 00:09:28

Health: 0/40       AC: 11    Str: 15    XL:     7   Next: 21%
Magic:  1/12       EV: 11    Int: 20    God:    Cheibriados [*.....]
Gold:   153        SH:  0    Dex: 13    Spells: 10/13 levels left

rFire   . . .      SeeInvis .    m - +0 flail
rCold   . . .      Faith    .    (no shield)
rNeg    + . .      Spirit   .    g - +0 ring mail
rPois   ∞          Reflect  .    e - +0 helmet
rElec   +          Harm     .    (no cloak)
rCorr   .          Rampage  .    (no gloves)
Will    .....                    (no boots)
Stlth   +.........               (no amulet)
HPRegen 0.26/turn                d - ring of wizardry
MPRegen 0.13/turn                (no ring)

@: very slow
A: sickness immunity, AC +4, negative energy resistance 1, electricity
resistance, torment resistance 1, petrification resistance
a: Renounce Religion, Bend Time


You were on level 4 of the Dungeon.
You worshipped Cheibriados.
Cheibriados was aware of your devotion.
You visited 1 branch of the dungeon, and saw 4 of its levels.

You collected 153 gold pieces.

Inventory:

Hand Weapons
 c - a +1 dagger
 m - a +0 flail (weapon)
Missiles
 n - 2 throwing nets
Armour
 a - a +0 robe
 e - a +0 helmet (worn)
 g - a +0 ring mail (worn)
Jewellery
 d - a ring of wizardry (left hand)
 f - a +6 ring of strength
 l - an amulet of reflection
Wands
 j - a wand of quicksilver (11)
Scrolls
 b - 2 scrolls of identify
 i - a scroll of poison
Potions
 h - 3 potions of haste
 k - a potion of attraction


   Skills:
 * Level 2.6 Fighting
 - Level 0.5 Short Blades
 + Level 0.1 Maces & Flails
 * Level 3.0 Armour
 + Level 2.3 Dodging
 + Level 2.5 Stealth
 * Level 3.9 Spellcasting
 + Level 0.7 Transmutations
 + Level 6.0 Earth Magic


You had 10 spell levels left.
You knew the following spells:

 Your Spells              Type           Power      Damage    Failure   Level
a - Sandblast             Erth           56%        2d13      1%          1
b - Passwall              Tmut/Erth      14%        N/A       4%          2

Your spell library contained the following spells:

 Spells                   Type           Power      Damage    Failure   Level
 Stone Arrow              Conj/Erth      32%        3d9       9%          3
 Petrify                  Tmut/Erth      17%        N/A       24%         4


Dungeon Overview and Level Annotations

Branches:
Dungeon (4/15)
 Temple: D:4-7

Altars:
Cheibriados
Hepliaklqana
Okawaru
Ru
Zin

Shops:
D:1 (


Innate Abilities, Weirdness & Mutations

You are immune to sickness and miasma.
Your stone body is resilient. (AC +4)
You are immune to poison.
You resist negative energy. (rN+)
You are resistant to electric shocks. (rElec)
You are resistant to unholy torment.
You are immune to petrification.


Message History

Aim: a gnoll, wielding a +0 spear (85% to hit)
The blast of sand hits the gnoll!
The gnoll is severely wounded.
The gnoll hits you but does no damage. x2
Unknown command.
Casting: Sandblast (safe; 1% risk of failure)
Confirm with . or Enter, or press ? or * to list all spells.
You don't have enough magic to cast this spell.
Unknown command.
Casting: Sandblast (safe; 1% risk of failure)
Confirm with . or Enter, or press ? or * to list all spells.
You don't have enough magic to cast this spell.
You barely miss the gnoll. The gnoll hits you with a +0 flail.
The gnoll hits you from afar with a +0 spear.
* * * LOW HITPOINT WARNING * * *
The gnoll barely misses you. The gnoll misses you.
The gnoll completely misses you.
You see here a +0 sling.
Okay, then.
You barely miss the gnoll. The gnoll closely misses you.
The gnoll hits you but does no damage. The gnoll hits you with a +0 flail.
* * * LOW HITPOINT WARNING * * *
Casting: Sandblast (safe; 1% risk of failure)
Confirm with . or Enter, or press ? or * to list all spells.
Aiming: Sandblast (safe; 1% risk of failure)
Press: ? - help, Shift-Dir - straight line, f/p - gnoll
Aim: a gnoll, wielding a +0 spear (severely wounded, 85% to hit)
The blast of sand hits the gnoll!!
You kill the gnoll!
Cheibriados appreciates the change of pace.
The gnoll hits you with a +0 flail.
* * * LOW HITPOINT WARNING * * *
Your Armour skill increases to level 3!
You closely miss the gnoll. The gnoll misses you. The gnoll barely misses you.
You closely miss the gnoll. The gnoll hits you with a +0 flail.
* * * LOW HITPOINT WARNING * * *
You hit the gnoll.
The gnoll is moderately wounded.
The gnoll hits you with a +0 flail.
You die...

##.......... ... ...##.
###........# ####.#####......
..........### #..#........>..#
.............###...............
....#............)#............
............#...# #..?.........
...............####....†)......
.........#......g#)..........#
.##.#.#.####..#.@))).).......#
#.###...# ##.##.≈≈#).......#.#
..##..#####...#.≈≈##.##.......
.......###..###.≈≈#..#.........
....#........##.≈≈..##......##.
....#.#########.≈≈$# #.##..g.
....#### #.# ♣.≈≈.♣ #.# ##..
.....).###.# ..≈≈..
....#...#..#


You could see a gnoll.

Vanquished Creatures
  Sigmund (D:3)
  A necrophage (D:4)
  A hound (D:4)
  A jelly (D:3)
  Terence (D:3)
  Ijyb (D:2)
  An orc wizard (D:4)
  Robin (D:3)
  An adder (D:4)
  6 gnolls (D:4)
  A white imp (D:3)
  A dart slug (D:2)
  5 orcs (D:4)
  2 bats
  8 endoplasms
  3 giant cockroaches
  11 hobgoblins
  3 quokkas
  4 ball pythons
  2 frilled lizards
  13 goblins
  4 kobolds
  5 rats
77 creatures vanquished.

Notes
Turn   | Place    | Note
-------+----------+-------------------------------------------
     0 | D:1      | FalseProphet the Gargoyle Earth Elementalist began the
                  | quest for the Orb.
     0 | D:1      | Reached XP level 1. HP: 10/10 MP: 3/3
   118 | D:1      | Found Xyopt's Weapon Shop.
   301 | D:1      | Reached skill level 4 in Earth Magic
   301 | D:1      | Reached XP level 2. HP: 15/15 MP: 0/5
  1363 | D:2      | Reached XP level 3. HP: 20/20 MP: 4/6
  1752 | D:3      | Noticed Ijyb
  1819 | D:2      | Killed Ijyb
  1820 | D:2      | Reached skill level 1 in Fighting
  1918 | D:3      | Found a glowing silver altar of Zin.
  1918 | D:3      | Found a snail-covered altar of Cheibriados.
  1919 | D:3      | Found an iron altar of Okawaru.
  1932 | D:3      | Reached XP level 4. HP: 24/25 MP: 7/7
  1942 | D:3      | Became a worshipper of Cheibriados the Contemplative
  2013 | D:3      | Reached skill level 1 in Armour
  2082 | D:3      | Found a faded altar of an unknown god.
  2126 | D:3      | Learned a level 2 spell: Passwall
  2194 | D:3      | Noticed Sigmund
  2205 | D:3      | Killed Sigmund
  2206 | D:3      | Reached skill level 5 in Earth Magic
  2206 | D:3      | Reached XP level 5. HP: 7/30 MP: 0/9
  2330 | D:3      | Reached XP level 6. HP: 35/35 MP: 8/10
  2443 | D:3      | Noticed Robin
  2489 | D:3      | Killed Robin
  2589 | D:3      | Found a sacrificial altar of Ru.
  2607 | D:3      | Reached * piety under Cheibriados
  3119 | D:3      | Noticed Terence
  3126 | D:3      | Killed Terence
  3161 | D:3      | Found a hazy altar of Hepliaklqana.
  3523 | D:4      | Reached XP level 7. HP: 24/40 MP: 6/12
  3536 | D:4      | Reached skill level 6 in Earth Magic
  3549 | D:4      | HP: 1/40 [gnoll/+0 flail (2)]
  3550 | D:4      | Slain by a gnoll

Illustrated notes

Levels and vault maps discovered:
D:1:      lightli_molten_gateway, layout_loops_ring, serial_shops,
          nicolae_shop_crystal
D:2:      layout_basic, minmay_misc_feat_roman
D:3:      layout_loops_corners, hangedman_ru_absence,
          nicolae_hepliaklqana_hippocampus,
          chequers_temple_overflow_statue_of_worship,
          nicolae_ecumenical_oubliette, kennysheep_flooded_box, uniq_sigmund,
          uniq_ijyb, uniq_robin, uniq_terence
D:4:      layout_cave_pools, nicolae_wooded_promenade

Skill      XL: |  1  2  3  4  5  6  7 |
---------------+----------------------+-----
Earth Magic    | 4 5 6 |  6.0
Fighting       | 1 2 |  2.6
Armour         | 2 3 |  3.0
Dodging        | 2 |  2.3
Spellcasting   | 3 |  3.9
Short Blades   | |  0.5
Maces & Flails | |  0.1
Stealth        | |  2.5
Transmutations | |  0.7

Action                   |  1- 3 |  4- 6 |  7- 9 || total
-------------------------+-------+-------+-------++-------
Melee: Dagger            |    75 |    76 |       ||   151
       Punch             |     2 |     2 |       ||     4
       Flail             |       |    10 |    10 ||    20
 Cast: Sandblast         |    42 |    47 |     8 ||    97
       Passwall          |       |     1 |       ||     1
Invok: Bend Time         |       |     1 |     1 ||     2
  Use: Scroll            |     4 |     9 |       ||    13
       Potion            |     2 |       |       ||     2
 Stab: Sleeping          |       |     1 |       ||     1
Armor: Robe              |     1 |       |       ||     1
       Ring mail         |    51 |    73 |    12 ||   136
Dodge: Dodged            |    59 |    86 |    17 ||   162

Table legend: (Time is in decaauts)
 A = Elapsed time spent in this place.
 B = Non-inter-level travel time spent in this place.
 C = Inter-level travel time spent in this place.
 D = Time resting spent in this place.
 E = Time spent auto-exploring this place.
 F = Levels seen in this place.
 G = Mean time per level.
                   A        B        C        D        E       F      G
               +--------+--------+--------+--------+--------+-----+--------+
         Total |   3948 |   3771 |    177 |    198 |   2821 |   4 |  987.0 |
       Dungeon |   3948 |   3771 |    177 |    198 |   2821 |   4 |  987.0 |
               +--------+--------+--------+--------+--------+-----+--------+

Top non-repeatable levels by time:
     D:3: 1715 daAuts
     D:2: 989 daAuts
     D:1: 897 daAuts
     D:4: 345 daAuts
